 Dungeon Crawl Stone Soup version 0.25-a0-306-g3faca94 (webtiles) character file.

Game seed: 4672293341460078498, levelgen mode: deterministic

14 Birdy the Skirmisher (level 2, -7/32 HPs)
             Began as an Ogre Monk on Dec 21, 2019.
             Mangled by a black mamba (20 damage)
             ... on level 5 of the Lair of Beasts.
             The game lasted 00:05:38 (871 turns).

Birdy the Skirmisher (Ogre Monk)                     Turns: 871, Time: 00:05:38

Health: -7/32      AC:  3    Str: 14    XL:     2   Next: 41%
Magic:  2/2        EV: 10    Int: 11    God:
Gold:   31         SH:  0    Dex: 11    Spells: 1/1 levels left

rFire    . . .     SeeInvis .   a - +0 spear
rCold    . . .     Gourm    .   (no shield)
rNeg     . . .     Faith    .   b - +0 robe
rPois    .         Spirit   .   (helmet restricted)
rElec    .         Reflect  .   (no cloak)
rCorr    .         Harm     .   (gloves unavailable)
MR       .....                  (boots unavailable)
Stlth    ++........             (no amulet)
HPRegen  0.10/turn              (no ring)
MPRegen  0.08/turn              (no ring)

@: marked, very slightly contaminated
A: large, unfitting armour, tough skin 1
a: no special abilities


You were on level 5 of the Lair of Beasts.
You were not hungry.

You visited 3 branches of the dungeon, and saw 13 of its levels.

You collected 31 gold pieces.

Inventory:

Hand Weapons
 a - a +0 spear (weapon)
Armour
 b - a +0 robe (worn)
Comestibles
 c - a ration


   Skills:
 - Level 4.0 Fighting
 - Level 3.0 Polearms
 - Level 2.6 Dodging
 + Level 2.3 Stealth


You had one spell level left.
You didn't know any spells.
Your spell library was empty.

Dungeon Overview and Level Annotations

Branches:
Dungeon (8/15)             Temple (1/1) D:7            Lair (5/6) D:8
  Swamp (0/4) Lair:3
  Snake: Lair:2-4    Spider: Lair:2-4     Slime: Lair:5-6

Altars:
Ashenzari
Cheibriados
Dithmenos
Elyvilon
Fedhas
Gozag
Nemelex Xobeh
Qazlal
Trog
Vehumet
Wu Jian
Xom
Zin
Lugonu

Shops:
D:4 %


Innate Abilities, Weirdness & Mutations

You are too large for most types of armour.
You have tough skin. (AC +1)


Message History

You hear a roar!
You hear an angry hiss.
You hear a shout! x2
You hear an angry hiss.
Found a stone staircase leading down.
A water moccasin comes into view.
There is a stone staircase leading down here.
You climb downwards.
A black mamba comes into view.
You set off the alarm!
The mark upon you grows brighter.
The black mamba hisses angrily.
You hear a croak.
You hear a shout!
You hear a croak. x4; You hear a roar!
Found 12 gold pieces.
There is a stone staircase leading up here.
You aren't carrying any scrolls.
Unknown command.
Found 9 stones.
A polar bear comes into view.
A spiny frog comes into view.
The black mamba bites you!!
Ouch! That really hurt!
You die...

.. ..... ... ....
## .... #... #.#
#.P##..# ##...
#......#####P.#P.
#.+.P..P#.........
..................
...$...<.#@.....(.
...F.....S.....h..
...........P......
.........+.P......
.........####..###
.........# ###
.###.....# ####.##
##


You could see a polar bear, a black mamba and a spiny frog.

Vanquished Creatures
  A shadow imp (Temple)
  A giant cockroach (D:1)
  A hobgoblin (D:1)
  A kobold (D:1)
  2 bats (D:1)
  A rat (D:1)
7 creatures vanquished.

Vanquished Creatures (others)
  A killer bee zombie (D:8)
  A fungus (Lair:1)
  A plant (Lair:1)
3 creatures vanquished.

Grand Total: 10 creatures vanquished

Notes
Turn   | Place    | Note
-------+----------+-------------------------------------------
     0 | D:1      | Birdy the Ogre Monk began the quest for the Orb.
     0 | D:1      | Reached XP level 1. HP: 24/24 MP: 1/1
    98 | D:2      | You fall into a shaft and drop 2 floors!
   114 | D:4      | Found a bloodstained altar of Trog.
   129 | D:4      | Found a sparkling altar of Nemelex Xobeh.
   146 | D:4      | Noticed a scorpion
   156 | D:4      | Found Mojapoide's Food Emporium.
   175 | D:5      | Entered Level 5 of the Dungeon
   175 | D:5      | Found a blossoming altar of Fedhas.
   181 | D:5      | Noticed a wight
   200 | D:7      | Found a staircase to the Ecumenical Temple.
   206 | D:7      | Noticed a hippogriff
   209 | Temple   | Entered the Ecumenical Temple
   216 | Temple   | Reached XP level 2. HP: 16/32 MP: 2/2
   384 | D:8      | Noticed an ogre
   384 | D:8      | Noticed an ice beast
   388 | D:8      | Found a radiant altar of Vehumet.
   401 | D:8      | Found a staircase to the Lair.
   405 | D:8      | Noticed a two-headed ogre
   409 | Lair:1   | Entered Level 1 of the Lair of Beasts
   550 | Lair:1   | Noticed a yak
   552 | Lair:1   | Noticed a yak
   589 | Lair:1   | Noticed a yak
   590 | Lair:1   | Noticed a black bear
   590 | Lair:1   | Noticed a yak
   622 | Lair:1   | Noticed a water moccasin
   623 | Lair:1   | Noticed a water moccasin
   639 | Lair:1   | Noticed a komodo dragon
   642 | Lair:1   | Noticed a hippogriff
   692 | Lair:2   | Noticed a bullfrog
   698 | Lair:2   | Noticed a crocodile
   703 | Lair:2   | Noticed a spiny frog
   768 | Lair:3   | Found a staircase to the Swamp.
   768 | Lair:3   | Noticed a komodo dragon
   768 | Lair:3   | Noticed a basilisk
   798 | Lair:2   | Noticed a hippogriff
   810 | Lair:3   | Noticed a crocodile
   833 | Lair:3   | Noticed a porcupine
   841 | Lair:3   | Noticed a hippogriff
   854 | Lair:4   | Noticed a wolf
   854 | Lair:4   | Noticed a wolf
   854 | Lair:4   | Noticed a wolf
   854 | Lair:4   | Noticed an eight-headed hydra
   860 | Lair:4   | Noticed a wolf
   865 | Lair:4   | Noticed a water moccasin
   866 | Lair:4   | Noticed a bullfrog
   867 | Lair:5   | Noticed a black mamba
   870 | Lair:5   | Noticed a polar bear
   871 | Lair:5   | Noticed a spiny frog
   871 | Lair:5   | Mangled by a black mamba

Levels and vault maps discovered:
D:1:      minmay_arrival_stone_box, layout_loops_ring,
          chequers_serial_rivers_micro_c, minmay_misc_feat_nine_boxes,
          hangedman_abyss_or_decor_lesser_grid
D:2:      layout_loops_cross, serial_bayou, serial_bayou_pond_d,
          serial_bayou_pond_b, serial_bayou_pond_e, serial_bayou_crossing,
          minmay_hexomino_p4, uniq_sigmund
D:4:      layout_layer_cave, kennysheep_little_box, kennysheep_mini,
          serial_shops, shop, first_ration, minmay_shop_damaged
D:5:      layout_cave_pools, overflow_temple_1_default, led_xom_imps
D:6:      layout_gridville, lemuel_crystal_altar, basic_altar,
          hangedman_decor_lopped, uniq_menkaure
D:7:      layout_cave_pools, lemuel_doored_altar,
          minmay_temple_entry_sparse_star, grunt_ogre_cave,
          roderic_serpentine_path, minmay_door_square
D:8:      layout_rooms, marbit_many_paths, fiery_altar_vehumet,
          dpeg_oklobed_lair
Temple:   corrupted_temple
Lair:1:   layout_regular_city, gauntlet_entry_generic, serial_bayou_shore_b,
          uniq_gastronok
Lair:2:   regret_index_bee_streams, layout_regular_city, lemuel_oklob_altar,
          grunt_megastairs_3
Lair:3:   layout_gridlike, skrybe_swamp_entry_bodies, portal_ice_cave_rime
Lair:4:   layout_hall_layers, minmay_snake_entry_guardpost_small, basic_altar,
          minmay_hedge_maze
Lair:5:   layout_roguey, minmay_slime_entry_jelly_boxes, uniq_sonja

Skill      XL: |  1 |
---------------+----+-----
Stealth        | 2 |  2.3
Fighting       | |  4.0
Polearms       | |  3.0
Dodging        | |  2.6

Action                   || total
-------------------------++-------
Melee: Spear             ||    36
  Use: Potion            ||     2
       Scroll            ||     5
 Stab: Sleeping          ||     1
Armor: Robe              ||    24
Dodge: Dodged            ||    34

Table legend:
 A = Non-vault XP
 B = Vault XP
 C = Vault XP percentage of total XP
 D = Non-vault monster count
 E = Vault monster count
 F = Vault count percentage of total count
                 A         B        C        D         E       F
            +---------+---------+-------+---------+---------+-------
      Total |      20 |       0 |   0.0 |       7 |       0 |   0.0
            +---------+---------+-------+---------+---------+-------
        D:1 |       9 |       0 |   0.0 |       6 |       0 |   0.0
     Temple |      11 |       0 |   0.0 |       1 |       0 |   0.0
            +---------+---------+-------+---------+---------+-------
